San Jose Sharks vs Anaheim Ducks
Created - Thursday, February 20, 2025 at 08:51
Goals
|
| San Jose Sharks |
2 |
1 |
0 |
0 |
2 |
3 |
| Anaheim Ducks |
0 |
1 |
2 |
0 |
3 |
4 |
|
Shots
|
| San Jose Sharks |
14 |
15 |
11 |
3 |
11 |
43 |
| Anaheim Ducks |
10 |
16 |
19 |
0 |
11 |
45 |
|
1st period
1. San Jose Sharks , Jonathan Drouin 5 (Yegor Sharangovich 10, Kevin Fiala 13) at 5:56
2. San Jose Sharks , Kevin Fiala 4 (Adam Henrique 8) at 8:55
Penalties :
Mason Marchment (ANA) for Tripping (Minor) at 18:26
2nd period
3. San Jose Sharks , T.J. Oshie 5 (Max Domi 3) at 1:49
4. Anaheim Ducks , John Tavares 6 (William Nylander 7, Mark Scheifele 7) at 5:20
Penalties :
Mark Scheifele (ANA) for Hooking (Minor) at 5:42, Sean Durzi (SJS) for Holding Stick (Minor) at 8:22, Jonathan Drouin (SJS) for Interference (Minor) at 16:45
3rd period
5. Anaheim Ducks , William Nylander 6 (Mark Scheifele 8) at 6:50
6. Anaheim Ducks , Brayden Schenn 6 (Alex Killorn 7, Nazem Kadri 8) at 8:09 (PP)
Penalties :
Marcus Pettersson (SJS) for Tripping (Minor) at 7:06, Max Domi (SJS) for Delaying the game (Minor) at 10:59, Mark Scheifele (ANA) for Holding (Minor) at 15:33, Max Domi (SJS) for Roughing (Minor) at 18:03
Overtime #1
No Goal
Penalties :
No Penalty
Shootout
San Jose Sharks, Adam Henrique - Goal!
Anaheim Ducks, Alexandre Texier - Stopped by Logan Thompson
San Jose Sharks, Kevin Fiala - Stopped by Linus Ullmark
Anaheim Ducks, Brenden Dillon - Stopped by Logan Thompson
San Jose Sharks, Yegor Sharangovich - Stopped by Linus Ullmark
Anaheim Ducks, Mark Scheifele - Goal!
San Jose Sharks, Jonathan Drouin - Stopped by Linus Ullmark
Anaheim Ducks, John Tavares - Shot Misses the Net
San Jose Sharks, T.J. Oshie - Stopped by Linus Ullmark
Anaheim Ducks, Brayden Schenn - Stopped by Logan Thompson
San Jose Sharks, Calle Jarnkrok - Stopped by Linus Ullmark
Anaheim Ducks, Alex Killorn - Stopped by Logan Thompson
San Jose Sharks, Ryan Johansen - Stopped by Linus Ullmark
Anaheim Ducks, Nazem Kadri - Shot Hit the Post
San Jose Sharks, Max Domi - Goal!
Anaheim Ducks, William Nylander - Goal!
San Jose Sharks, Alec Martinez - Stopped by Linus Ullmark
Anaheim Ducks, Chandler Stephenson - Shot Misses the Net
San Jose Sharks, Connor Murphy - Stopped by Linus Ullmark
Anaheim Ducks, Mason Marchment - Shot Misses the Net
San Jose Sharks, Eeli Tolvanen - Stopped by Linus Ullmark
Anaheim Ducks, Kevin Bahl - Goal!
Penalties :
No Penalty
Goalie Stats
Logan Thompson (SJS), 42 saves from 45 shots - (0.933), OTL, 4-5-4, 65:00 minutes
Linus Ullmark (ANA), 40 saves from 43 shots - (0.930), W, 7-5-2, 65:00 minutes
Players Stats for San Jose Sharks
Player Name G A P +/- PIM S H SB GA TA FO MP PP MP PK MP
------------------------------------------------------------------------------------
Adam Henrique 0 1 1 0 0 5 1 0 0 2 16/35 22:32 2:56 4:06
Alec Martinez 0 0 0 1 0 0 0 2 0 0 0/0 12:12 0:00 0:00
Calle Jarnkrok 0 0 0 0 0 1 0 0 0 0 0/0 8:30 0:00 0:00
Christopher Tanev 0 0 0 1 0 1 0 1 0 1 0/0 28:30 2:40 4:39
Connor Murphy 0 0 0 -1 0 3 0 1 0 1 0/0 24:34 3:17 4:20
Dmitry Orlov 0 0 0 1 0 1 0 0 0 0 0/0 13:08 0:00 1:17
Eeli Tolvanen 0 0 0 1 0 1 0 1 2 1 0/0 11:01 0:00 0:06
Jonathan Drouin 1 0 1 0 2 5 3 1 1 1 2/7 19:44 3:01 3:13
Kasperi Kapanen 0 0 0 0 0 0 1 0 0 0 0/0 8:30 0:00 0:00
Kevin Fiala 1 1 2 0 0 5 2 0 0 2 0/0 22:13 2:56 3:50
Marcus Pettersson 0 0 0 1 2 2 1 2 0 1 0/0 28:01 2:40 4:11
Matthew Knies 0 0 0 0 0 4 2 0 0 0 0/2 17:27 3:01 1:18
Max Domi 0 1 1 1 4 2 0 0 1 0 6/10 12:59 0:00 1:02
Noel Acciari 0 0 0 0 0 0 1 1 0 0 1/7 8:30 0:00 0:00
Ryan Johansen 0 0 0 0 0 0 2 0 0 0 10/16 14:04 0:00 0:25
Sean Durzi 0 0 0 -1 2 5 2 3 0 1 0/0 23:34 3:17 3:31
T.J. Oshie 1 0 1 1 0 2 0 0 0 0 0/0 13:08 3:01 0:00
Yegor Sharangovich 0 1 1 0 0 6 1 1 1 1 0/4 22:19 2:56 3:55
Players Stats for Anaheim Ducks
Player Name G A P +/- PIM S H SB GA TA FO MP PP MP PK MP
------------------------------------------------------------------------------------
Alex Killorn 0 1 1 -1 0 1 1 0 0 0 0/1 18:22 4:15 1:18
Alexandre Texier 0 0 0 0 0 2 0 0 0 0 0/0 8:21 0:00 0:40
Alexey Toropchenko 0 0 0 0 0 0 1 0 0 0 0/1 6:09 0:00 0:00
Brayden Schenn 1 0 1 -1 0 4 2 1 1 0 0/0 23:07 4:15 3:59
Brenden Dillon 0 0 0 -1 0 0 1 0 0 2 0/0 15:30 0:00 2:03
Chandler Stephenson 0 0 0 -1 0 3 1 0 0 0 1/3 10:14 0:00 1:18
Esa Lindell 0 0 0 1 0 2 0 0 0 2 0/0 27:18 3:33 3:54
Ivan Provorov 0 0 0 -1 0 0 0 2 1 0 0/0 24:34 3:33 3:54
J.T. Compher 0 0 0 -1 0 3 1 0 0 0 9/13 13:39 0:00 3:59
John Tavares 1 0 1 1 0 4 2 0 1 0 0/0 23:49 4:41 0:40
Joshua Morrissey 0 0 0 1 0 5 2 2 1 0 0/0 25:10 5:23 0:00
Kevin Bahl 0 0 0 -1 0 0 0 0 0 0 0/0 14:50 0:00 2:03
Luke Evangelista 0 0 0 -1 0 1 0 0 1 0 0/0 8:56 0:00 0:00
Mark Scheifele 0 2 2 1 4 8 1 1 1 1 28/45 23:55 4:41 0:00
Mason Marchment 0 0 0 0 2 2 1 0 0 0 0/2 6:19 0:00 0:00
Morgan Rielly 0 0 0 -1 0 3 2 1 1 0 0/0 22:38 5:23 0:00
Nazem Kadri 0 1 1 -1 0 4 2 0 0 0 6/11 17:34 4:15 0:00
William Nylander 1 1 2 1 0 3 3 1 4 0 2/5 23:35 4:41 0:00
3 Stars
1 - William Nylander (ANA)
2 - Kevin Fiala (SJS)
3 - John Tavares (ANA)
Power Play
San Jose Sharks - 0 on 3 Attempt(s) - 0.00%
Anaheim Ducks - 1 on 5 Attempt(s) - 20.00%
Penalty Kill
San Jose Sharks - 4 on 5 Attempt(s) - 80.00%
- Score 0 goal in Penalty Kill
Anaheim Ducks - 3 on 3 Attempt(s) - 100.00%
- Score 0 goal in Penalty Kill
Team Stat
San Jose Sharks - Hits : 16 - Faceoff Wins : 35 - Blocked Shots : 13 - Penalty Minutes : 10
Anaheim Ducks - Hits : 20 - Faceoff Wins : 46 - Blocked Shots : 8 - Penalty Minutes : 6
Official
Referees : Beaudry Halkidis and Brandon Schrader
Linesman : CJ Murray and Kiel Murchison
Game Notes
No Game Note
Finance
Level 1 -- Attendance: 4731 (78.85%) -- Ticket Income $473,100
Level 2 -- Attendance: 4102 (82.04%) -- Ticket Income $246,120
Level 3 -- Attendance: 2070 (69.00%) -- Ticket Income $95,220
Level 4 -- Attendance: 3604 (72.08%) -- Ticket Income $90,100
Luxury Box -- Attendance: 711 (71.10%) -- Ticket Income $142,200
Game was played at the Honda Center.
Total Attendance: 15218 (76.09%)
Total Ticket Income: $1,046,740
Other Income: $366,359
Total Income: $1,413,099
San Jose Sharks
5 vs 5 Forward
Center Left Wing Right Wing Time % Phy DF OF
1 Adam Henrique Kevin Fiala Yegor Sharangovich 30 1 2 2
2 Ryan Johansen Matthew Knies Jonathan Drouin 30 1 2 2
3 Max Domi Eeli Tolvanen T.J. Oshie 25 1 2 2
4 Noel Acciari Kasperi Kapanen Calle Jarnkrok 15 1 2 2
5 vs 5 Defense
Defense Defense Time % Phy DF OF
1 Marcus Pettersson Christopher Tanev 30 1 2 2
2 Sean Durzi Connor Murphy 30 1 2 2
3 Alec Martinez Dmitry Orlov 25 1 2 2
4 Marcus Pettersson Christopher Tanev 15 1 2 2
PowerPlay Forward
Center Left Wing Right Wing Time % Phy DF OF
1 Adam Henrique Kevin Fiala Yegor Sharangovich 50 1 2 2
2 Jonathan Drouin Matthew Knies T.J. Oshie 50 1 2 2
PowerPlay Defense
Defense Defense Time % Phy DF OF
1 Marcus Pettersson Christopher Tanev 50 1 2 2
2 Sean Durzi Connor Murphy 50 1 2 2
Penalty Kill 4 Players Forward
Center Wing Time % Phy DF OF
1 Adam Henrique Kevin Fiala 50 1 2 2
2 Yegor Sharangovich Jonathan Drouin 50 1 2 2
Penalty Kill 4 Players Defense
Defense Defense Time % Phy DF OF
1 Marcus Pettersson Christopher Tanev 50 1 2 2
2 Sean Durzi Connor Murphy 50 1 2 2
Penalty Kill - 3 Players Forward
Forward Time % Phy DF OF
1 Adam Henrique 50 1 2 2
2 Kevin Fiala 50 1 2 2
Penalty Kill - 3 Players Defense
Defense Defense Time % Phy DF OF
1 Marcus Pettersson Christopher Tanev 50 1 2 2
2 Sean Durzi Connor Murphy 50 1 2 2
4 vs 4 Forward
Center Wing Time % Phy DF OF
1 Adam Henrique Kevin Fiala 50 1 2 2
2 Yegor Sharangovich Jonathan Drouin 50 1 2 2
4 vs 4 Defense
Defense Defense Time % Phy DF OF
1 Marcus Pettersson Christopher Tanev 50 1 2 2
2 Sean Durzi Connor Murphy 50 1 2 2
Last Minutes Offensive
Center Left Wing Right Wing Defense Defense
Adam Henrique Kevin Fiala Yegor Sharangovich Marcus Pettersson Christopher Tanev
Last Minutes Defensive
Center Left Wing Right Wing Defense Defense
Adam Henrique Kevin Fiala Yegor Sharangovich Marcus Pettersson Christopher Tanev
Goaltenders
Starting : Logan Thompson
Backup : Tristan Jarry
Extra Forwards
Normal : Ryan Johansen, Eeli Tolvanen, Max Domi - PP : Ryan Johansen, Eeli Tolvanen - PK : Max Domi
Extra Defensemen
Normal : Alec Martinez, Dmitry Orlov, Sean Durzi - PP : Alec Martinez - PK : Dmitry Orlov, Sean Durzi
Penalty Shots
Adam Henrique, Kevin Fiala, Yegor Sharangovich, Jonathan Drouin, T.J. Oshie
Scratches
Ilya Mikheyev (Healthy), Mike Hoffman (Healthy), Nick Perbix (Healthy), Clay Stevenson (Healthy)
Anaheim Ducks
5 vs 5 Forward
Center Left Wing Right Wing Time % Phy DF OF
1 Mark Scheifele John Tavares William Nylander 40 1 2 2
2 Nazem Kadri Brayden Schenn Alex Killorn 30 1 2 2
3 J.T. Compher Chandler Stephenson Luke Evangelista 20 1 2 2
4 Mason Marchment Alexey Toropchenko Alexandre Texier 10 1 2 2
5 vs 5 Defense
Defense Defense Time % Phy DF OF
1 Esa Lindell Joshua Morrissey 40 1 2 2
2 Ivan Provorov Morgan Rielly 35 1 2 2
3 Brenden Dillon Kevin Bahl 25 1 2 2
4 Esa Lindell Ivan Provorov 0 1 2 2
PowerPlay Forward
Center Left Wing Right Wing Time % Phy DF OF
1 Mark Scheifele John Tavares William Nylander 60 1 1 3
2 Nazem Kadri Brayden Schenn Alex Killorn 40 1 1 3
PowerPlay Defense
Defense Defense Time % Phy DF OF
1 Morgan Rielly Joshua Morrissey 60 1 1 3
2 Ivan Provorov Esa Lindell 40 1 2 2
Penalty Kill 4 Players Forward
Center Wing Time % Phy DF OF
1 J.T. Compher Brayden Schenn 60 1 3 1
2 Chandler Stephenson Alex Killorn 40 1 3 1
Penalty Kill 4 Players Defense
Defense Defense Time % Phy DF OF
1 Esa Lindell Ivan Provorov 60 1 3 1
2 Kevin Bahl Brenden Dillon 40 1 3 1
Penalty Kill - 3 Players Forward
Forward Time % Phy DF OF
1 J.T. Compher 60 1 4 0
2 Brayden Schenn 40 1 4 0
Penalty Kill - 3 Players Defense
Defense Defense Time % Phy DF OF
1 Esa Lindell Ivan Provorov 60 1 4 0
2 Kevin Bahl Brenden Dillon 40 1 4 0
4 vs 4 Forward
Center Wing Time % Phy DF OF
1 Mark Scheifele William Nylander 60 1 2 2
2 Nazem Kadri John Tavares 40 1 2 2
4 vs 4 Defense
Defense Defense Time % Phy DF OF
1 Esa Lindell Joshua Morrissey 60 1 2 2
2 Morgan Rielly Ivan Provorov 40 1 2 2
Last Minutes Offensive
Center Left Wing Right Wing Defense Defense
Mark Scheifele John Tavares William Nylander Joshua Morrissey Morgan Rielly
Last Minutes Defensive
Center Left Wing Right Wing Defense Defense
J.T. Compher Alex Killorn Brayden Schenn Ivan Provorov Esa Lindell
Goaltenders
Starting : Linus Ullmark
Backup : James Reimer
Extra Forwards
Normal : William Nylander, Mark Scheifele, John Tavares - PP : William Nylander, Mark Scheifele - PK : J.T. Compher
Extra Defensemen
Normal : Esa Lindell, Morgan Rielly, Brenden Dillon - PP : Joshua Morrissey - PK : Esa Lindell, Ivan Provorov
Penalty Shots
Alexandre Texier, Brenden Dillon, Mark Scheifele, John Tavares, Brayden Schenn
Scratches
Jakob Chychrun (Healthy), Josh Manson (Healthy)
% Time on Ice - San Jose Sharks
Lines # - Real PCT - Wanted PCT - Time Play
Normal Forward
1 - 33% - 30% - 15:00
2 - 25% - 30% - 11:30
3 - 22% - 25% - 10:07
4 - 19% - 15% - 8:30
Normal Defense
1 - 30% - 30% - 13:44
2 - 32% - 30% - 14:37
3 - 26% - 25% - 11:42
4 - 11% - 15% - 5:04
PP Forward
1 - 49% - 50% - 2:56
2 - 51% - 50% - 3:01
PP Defense
1 - 45% - 50% - 2:40
2 - 55% - 50% - 3:17
PK Forward
1 - 47% - 50% - 4:10
2 - 53% - 50% - 4:46
PK Defense
1 - 51% - 50% - 4:36
2 - 49% - 50% - 4:20
PK3 Forward
1 - 100% - 50% - 0:03
2 - 0% - 50% - 0:00
PK3 Defense
1 - 100% - 50% - 0:03
2 - 0% - 50% - 0:00
44 Forward
1 - 50% - 50% - 2:28
2 - 50% - 50% - 2:29
44 Defense
1 - 48% - 50% - 2:24
2 - 52% - 50% - 2:33
Last Minute Offensive - 0:00
Last Minute Defensive - 0:00
Total
Forward - 65:00
Defense - 65:00
|
% Time on Ice - Anaheim Ducks
Lines # - Real PCT - Wanted PCT - Time Play
Normal Forward
1 - 39% - 40% - 17:24
2 - 28% - 30% - 12:38
3 - 20% - 20% - 8:56
4 - 14% - 10% - 6:09
Normal Defense
1 - 39% - 40% - 17:47
2 - 32% - 35% - 14:24
3 - 27% - 25% - 12:17
4 - 1% - 0% - 0:39
PP Forward
1 - 52% - 60% - 4:41
2 - 48% - 40% - 4:15
PP Defense
1 - 60% - 60% - 5:23
2 - 40% - 40% - 3:33
PK Forward
1 - 78% - 60% - 4:39
2 - 22% - 40% - 1:18
PK Defense
1 - 66% - 60% - 3:54
2 - 34% - 40% - 2:03
PK3 Forward
1 - 0% - 60%
2 - 0% - 40%
PK3 Defense
1 - 0% - 60%
2 - 0% - 40%
44 Forward
1 - 86% - 60% - 4:19
2 - 14% - 40% - 0:41
44 Defense
1 - 59% - 60% - 2:56
2 - 41% - 40% - 2:04
Last Minute Offensive - 0:00
Last Minute Defensive - 0:00
Total
Forward - 65:00
Defense - 65:00
|
Play-by-Play
1st period
0:01 of 1st period - Adam Henrique wins face-off versus Mark Scheifele in neutral zone.
1:41 of 1st period - Adam Henrique is hit by Mark Scheifele and loses puck.
2:00 of 1st period - Backhand shot by Matthew Knies.
2:00 of 1st period - Deflect By Jonathan Drouin.
2:00 of 1st period - Stopped by Linus Ullmark with a rebound.
2:02 of 1st period - Snap shot by Sean Durzi.
2:02 of 1st period - Stopped by Linus Ullmark with a rebound.
2:04 of 1st period - Snap shot by Connor Murphy.
2:04 of 1st period - Deflect By Brayden Schenn.
2:04 of 1st period - Stopped by Linus Ullmark with a rebound.
2:38 of 1st period - Snap shot by Mason Marchment.
2:38 of 1st period - Shot Misses the Net.
3:08 of 1st period - Wrist shot by John Tavares.
3:08 of 1st period - Stopped by Logan Thompson without a rebound.
3:09 of 1st period - Ryan Johansen wins face-off versus Nazem Kadri in San Jose Sharks zone.
3:18 of 1st period - Slapshot by Matthew Knies.
3:18 of 1st period - Shot Blocked by Ivan Provorov.
3:20 of 1st period - Snap shot by Matthew Knies.
3:20 of 1st period - Stopped by Linus Ullmark with a rebound.
3:22 of 1st period - Slapshot by Christopher Tanev.
3:22 of 1st period - Stopped by Linus Ullmark without a rebound.
3:23 of 1st period - Max Domi wins face-off versus Mark Scheifele in Anaheim Ducks zone.
3:50 of 1st period - Marcus Pettersson is hit by Brayden Schenn and loses puck.
3:57 of 1st period - Slapshot by Nazem Kadri.
3:57 of 1st period - Shot Misses the Net.
4:12 of 1st period - Snap shot by Luke Evangelista.
4:12 of 1st period - Shot Misses the Net.
4:14 of 1st period - Slapshot by J.T. Compher.
4:14 of 1st period - Shot Misses the Net.
4:16 of 1st period - Slapshot by Ivan Provorov.
4:16 of 1st period - Shot Blocked by Sean Durzi.
4:18 of 1st period - Snap shot by J.T. Compher.
4:18 of 1st period - Shot Misses the Net.
4:57 of 1st period - Slapshot by Esa Lindell.
4:57 of 1st period - Shot Misses the Net.
5:11 of 1st period - Snap shot by Jonathan Drouin.
5:11 of 1st period - Shot Blocked by Brayden Schenn.
5:14 of 1st period - Icing by Nazem Kadri.
5:15 of 1st period - Nazem Kadri wins face-off versus Jonathan Drouin in Anaheim Ducks zone.
5:20 of 1st period - Snap shot by Alex Killorn.
5:20 of 1st period - Stopped by Logan Thompson with a rebound.
5:22 of 1st period - Slapshot by Brenden Dillon.
5:22 of 1st period - Deflect By Nazem Kadri.
5:22 of 1st period - Shot Misses the Net.
5:22 of 1st period - Puck is out of play.
5:23 of 1st period - Mark Scheifele wins face-off versus Adam Henrique in San Jose Sharks zone.
5:56 of 1st period - Wrist shot by Jonathan Drouin.
5:56 of 1st period - Goal by Jonathan Drouin - San Jose Sharks : 1 - Anaheim Ducks : 0.
5:57 of 1st period - Mark Scheifele wins face-off versus Max Domi in neutral zone.
6:24 of 1st period - Chandler Stephenson is hit by Matthew Knies and loses puck.
6:37 of 1st period - Off-side.
6:38 of 1st period - Adam Henrique wins face-off versus Alex Killorn in neutral zone.
7:37 of 1st period - Wrist shot by Alexandre Texier.
7:37 of 1st period - Stopped by Logan Thompson with a rebound.
7:53 of 1st period - Slapshot by J.T. Compher.
7:53 of 1st period - Shot Misses the Net.
8:37 of 1st period - Wrist shot by Eeli Tolvanen.
8:37 of 1st period - Shot Misses the Net.
8:43 of 1st period - Snap shot by Eeli Tolvanen.
8:43 of 1st period - Shot Misses the Net.
8:47 of 1st period - Snap shot by Eeli Tolvanen.
8:47 of 1st period - Stopped by Linus Ullmark without a rebound.
8:48 of 1st period - J.T. Compher wins face-off versus Adam Henrique in Anaheim Ducks zone.
8:55 of 1st period - Backhand shot by Kevin Fiala.
8:55 of 1st period - Goal by Kevin Fiala - San Jose Sharks : 2 - Anaheim Ducks : 0.
8:56 of 1st period - Adam Henrique wins face-off versus Mark Scheifele in neutral zone.
9:10 of 1st period - Snap shot by Adam Henrique.
9:10 of 1st period - Shot Hit the Post.
9:45 of 1st period - Slapshot by Jonathan Drouin.
9:45 of 1st period - Stopped by Linus Ullmark without a rebound.
9:46 of 1st period - Ryan Johansen wins face-off versus J.T. Compher in Anaheim Ducks zone.
10:01 of 1st period - Snap shot by Ryan Johansen.
10:01 of 1st period - Shot Hit the Post.
10:19 of 1st period - Snap shot by Chandler Stephenson.
10:19 of 1st period - Stopped by Logan Thompson without a rebound.
10:20 of 1st period - Mark Scheifele wins face-off versus Adam Henrique in San Jose Sharks zone.
11:30 of 1st period - Wrist shot by Luke Evangelista.
11:30 of 1st period - Shot Misses the Net.
11:47 of 1st period - Mark Scheifele is hit by Kevin Fiala and loses puck.
12:17 of 1st period - Icing by Connor Murphy.
12:18 of 1st period - Mark Scheifele wins face-off versus Noel Acciari in San Jose Sharks zone.
12:21 of 1st period - Slapshot by Mark Scheifele.
12:21 of 1st period - Stopped by Logan Thompson without a rebound.
12:22 of 1st period - Mark Scheifele wins face-off versus Noel Acciari in San Jose Sharks zone.
12:27 of 1st period - Snap shot by Mark Scheifele.
12:27 of 1st period - Stopped by Logan Thompson without a rebound.
12:28 of 1st period - Mark Scheifele wins face-off versus Adam Henrique in San Jose Sharks zone.
12:47 of 1st period - Snap shot by Mark Scheifele.
12:47 of 1st period - Stopped by Logan Thompson with a rebound.
13:03 of 1st period - Alec Martinez is hit by Brayden Schenn and loses puck.
13:52 of 1st period - Wrist shot by Mason Marchment.
13:52 of 1st period - Stopped by Logan Thompson with a rebound.
14:04 of 1st period - Snap shot by Calle Jarnkrok.
14:04 of 1st period - Stopped by Linus Ullmark without a rebound.
14:05 of 1st period - Mark Scheifele wins face-off versus Noel Acciari in Anaheim Ducks zone.
15:12 of 1st period - Snap shot by Mark Scheifele.
15:12 of 1st period - Shot Misses the Net.
15:15 of 1st period - Icing by Christopher Tanev.
15:16 of 1st period - Nazem Kadri wins face-off versus Noel Acciari in San Jose Sharks zone.
15:25 of 1st period - Snap shot by Nazem Kadri.
15:25 of 1st period - Stopped by Logan Thompson with a rebound.
15:27 of 1st period - Slapshot by Alex Killorn.
15:27 of 1st period - Shot Blocked by Christopher Tanev.
15:45 of 1st period - Wrist shot by Yegor Sharangovich.
15:45 of 1st period - Stopped by Linus Ullmark without a rebound.
15:46 of 1st period - J.T. Compher wins face-off versus Adam Henrique in Anaheim Ducks zone.
15:59 of 1st period - Snap shot by Luke Evangelista.
15:59 of 1st period - Shot Misses the Net.
16:01 of 1st period - Wrist shot by Chandler Stephenson.
16:01 of 1st period - Shot Blocked by Sean Durzi.
16:03 of 1st period - Snap shot by Chandler Stephenson.
16:03 of 1st period - Stopped by Logan Thompson without a rebound.
16:04 of 1st period - Nazem Kadri wins face-off versus Ryan Johansen in San Jose Sharks zone.
16:18 of 1st period - Icing by Ryan Johansen.
16:19 of 1st period - Ryan Johansen wins face-off versus Mark Scheifele in San Jose Sharks zone.
16:51 of 1st period - Nazem Kadri is hit by Sean Durzi and loses puck.
17:22 of 1st period - Chandler Stephenson is hit by Ryan Johansen and loses puck.
17:27 of 1st period - Wrist shot by Jonathan Drouin.
17:27 of 1st period - Shot Misses the Net.
17:29 of 1st period - Snap shot by Sean Durzi.
17:29 of 1st period - Stopped by Linus Ullmark with a rebound.
17:31 of 1st period - Wrist shot by Connor Murphy.
17:31 of 1st period - Stopped by Linus Ullmark without a rebound.
17:32 of 1st period - Adam Henrique wins face-off versus Mark Scheifele in Anaheim Ducks zone.
17:43 of 1st period - Snap shot by Yegor Sharangovich.
17:43 of 1st period - Stopped by Linus Ullmark with a rebound.
17:59 of 1st period - Joshua Morrissey is hit by Kasperi Kapanen and loses puck.
18:19 of 1st period - Off-side.
18:20 of 1st period - Max Domi wins face-off versus Alexey Toropchenko in neutral zone.
18:26 of 1st period - Minor Penalty to Mason Marchment for Tripping.
18:27 of 1st period - J.T. Compher wins face-off versus Adam Henrique in Anaheim Ducks zone.
Goals for this period are 2 for San Jose Sharks vs 0 for Anaheim Ducks.
Shots for this period are 14 for San Jose Sharks vs 10 for Anaheim Ducks.
2nd period
0:01 of 2nd period - J.T. Compher wins face-off versus Jonathan Drouin in neutral zone.
0:26 of 2nd period - Penalty to Mason Marchment is over, Mason Marchment is back on ice.
0:34 of 2nd period - Wrist shot by Yegor Sharangovich.
0:34 of 2nd period - Shot Misses the Net.
0:36 of 2nd period - Snap shot by Kevin Fiala.
0:36 of 2nd period - Stopped by Linus Ullmark without a rebound.
0:37 of 2nd period - Adam Henrique wins face-off versus Mark Scheifele in Anaheim Ducks zone.
0:40 of 2nd period - Wrist shot by Kevin Fiala.
0:40 of 2nd period - Shot Misses the Net.
0:42 of 2nd period - Backhand shot by Dmitry Orlov.
0:42 of 2nd period - Stopped by Linus Ullmark without a rebound.
0:43 of 2nd period - Mark Scheifele wins face-off versus Adam Henrique in Anaheim Ducks zone.
1:45 of 2nd period - Wrist shot by Kevin Fiala.
1:45 of 2nd period - Shot Misses the Net.
1:47 of 2nd period - Wrist shot by Kevin Fiala.
1:47 of 2nd period - Stopped by Linus Ullmark without a rebound.
1:48 of 2nd period - Max Domi wins face-off versus Mark Scheifele in Anaheim Ducks zone.
1:49 of 2nd period - Wrist shot by T.J. Oshie.
1:49 of 2nd period - Goal by T.J. Oshie - San Jose Sharks : 3 - Anaheim Ducks : 0.
1:50 of 2nd period - Mark Scheifele wins face-off versus Max Domi in neutral zone.
2:41 of 2nd period - Connor Murphy is hit by Alexey Toropchenko and loses puck.
2:48 of 2nd period - Wrist shot by Mason Marchment.
2:48 of 2nd period - Stopped by Logan Thompson without a rebound.
2:49 of 2nd period - Max Domi wins face-off versus William Nylander in San Jose Sharks zone.
2:59 of 2nd period - Off-side.
3:00 of 2nd period - Mark Scheifele wins face-off versus Adam Henrique in neutral zone.
3:03 of 2nd period - Wrist shot by William Nylander.
3:03 of 2nd period - Stopped by Logan Thompson without a rebound.
3:04 of 2nd period - Mark Scheifele wins face-off versus Adam Henrique in San Jose Sharks zone.
3:13 of 2nd period - Christopher Tanev is hit by John Tavares and loses puck.
3:50 of 2nd period - Slapshot by Esa Lindell.
3:50 of 2nd period - Stopped by Logan Thompson with a rebound.
3:52 of 2nd period - Slapshot by Esa Lindell.
3:52 of 2nd period - Deflect By J.T. Compher.
3:52 of 2nd period - Stopped by Logan Thompson with a rebound.
3:54 of 2nd period - Slapshot by Esa Lindell.
3:54 of 2nd period - Stopped by Logan Thompson with a rebound.
3:56 of 2nd period - Snap shot by Chandler Stephenson.
3:56 of 2nd period - Shot Blocked by Connor Murphy.
3:58 of 2nd period - Snap shot by Luke Evangelista.
3:58 of 2nd period - Stopped by Logan Thompson with a rebound.
4:00 of 2nd period - Slapshot by J.T. Compher.
4:00 of 2nd period - Stopped by Logan Thompson with a rebound.
4:10 of 2nd period - Alexey Toropchenko is hit by Noel Acciari and loses puck.
4:16 of 2nd period - Off-side.
4:17 of 2nd period - Mark Scheifele wins face-off versus Noel Acciari in neutral zone.
4:50 of 2nd period - Wrist shot by Jonathan Drouin.
4:50 of 2nd period - Stopped by Linus Ullmark without a rebound.
4:51 of 2nd period - Ryan Johansen wins face-off versus Nazem Kadri in Anaheim Ducks zone.
5:10 of 2nd period - Wrist shot by Matthew Knies.
5:10 of 2nd period - Deflect By Brayden Schenn.
5:10 of 2nd period - Shot Misses the Net.
5:10 of 2nd period - Puck is out of play.
5:11 of 2nd period - Mark Scheifele wins face-off versus Adam Henrique in Anaheim Ducks zone.
5:20 of 2nd period - Wrist shot by John Tavares.
5:20 of 2nd period - Goal by John Tavares - San Jose Sharks : 3 - Anaheim Ducks : 1.
5:21 of 2nd period - Max Domi wins face-off versus Mark Scheifele in neutral zone.
5:42 of 2nd period - Minor Penalty to Mark Scheifele for Hooking.
5:43 of 2nd period - Adam Henrique wins face-off versus J.T. Compher in Anaheim Ducks zone.
5:48 of 2nd period - Wrist shot by Yegor Sharangovich.
5:48 of 2nd period - Stopped by Linus Ullmark with a rebound.
5:50 of 2nd period - Slapshot by Marcus Pettersson.
5:50 of 2nd period - Stopped by Linus Ullmark without a rebound.
5:51 of 2nd period - J.T. Compher wins face-off versus Adam Henrique in Anaheim Ducks zone.
6:27 of 2nd period - Jonathan Drouin is hit by Chandler Stephenson and loses puck.
6:34 of 2nd period - Chandler Stephenson is hit by Jonathan Drouin and loses puck.
7:27 of 2nd period - John Tavares is hit by Adam Henrique and loses puck.
7:42 of 2nd period - Penalty to Mark Scheifele is over, Mark Scheifele is back on ice.
7:53 of 2nd period - Snap shot by Calle Jarnkrok.
7:53 of 2nd period - Deflect By Morgan Rielly.
7:53 of 2nd period - Shot Blocked by Morgan Rielly.
7:53 of 2nd period - Puck is out of play.
7:54 of 2nd period - Noel Acciari wins face-off versus Mason Marchment in Anaheim Ducks zone.
8:05 of 2nd period - Wrist shot by Kasperi Kapanen.
8:05 of 2nd period - Shot Misses the Net.
8:22 of 2nd period - Minor Penalty to Sean Durzi for Holding Stick.
8:23 of 2nd period - Adam Henrique wins face-off versus Mark Scheifele in San Jose Sharks zone.
8:23 of 2nd period - Adam Henrique is hit by William Nylander.
8:34 of 2nd period - Wrist shot by Joshua Morrissey.
8:34 of 2nd period - Deflect By Yegor Sharangovich.
8:34 of 2nd period - Stopped by Logan Thompson without a rebound.
8:35 of 2nd period - Mark Scheifele wins face-off versus Yegor Sharangovich in San Jose Sharks zone.
8:44 of 2nd period - Slapshot by Mark Scheifele.
8:44 of 2nd period - Shot Misses the Net.
8:46 of 2nd period - Slapshot by Morgan Rielly.
8:46 of 2nd period - Stopped by Logan Thompson without a rebound.
8:47 of 2nd period - Adam Henrique wins face-off versus Mark Scheifele in San Jose Sharks zone.
10:22 of 2nd period - Penalty to Sean Durzi is over, Sean Durzi is back on ice.
10:28 of 2nd period - Max Domi is hit by J.T. Compher and loses puck.
10:35 of 2nd period - Slapshot by Connor Murphy.
10:35 of 2nd period - Shot Blocked by Joshua Morrissey.
10:37 of 2nd period - Snap shot by Max Domi.
10:37 of 2nd period - Shot Misses the Net.
10:39 of 2nd period - Slapshot by Connor Murphy.
10:39 of 2nd period - Deflect By Max Domi.
10:39 of 2nd period - Stopped by Linus Ullmark with a rebound.
10:53 of 2nd period - Wrist shot by Joshua Morrissey.
10:53 of 2nd period - Stopped by Logan Thompson with a rebound.
10:55 of 2nd period - Slapshot by Joshua Morrissey.
10:55 of 2nd period - Shot Misses the Net.
10:57 of 2nd period - Slapshot by Alexandre Texier.
10:57 of 2nd period - Deflect By Calle Jarnkrok.
10:57 of 2nd period - Stopped by Logan Thompson with a rebound.
10:59 of 2nd period - Snap shot by Morgan Rielly.
10:59 of 2nd period - Shot Blocked by Noel Acciari.
11:19 of 2nd period - Wrist shot by Calle Jarnkrok.
11:19 of 2nd period - Deflect By Noel Acciari.
11:19 of 2nd period - Shot Misses the Net.
11:19 of 2nd period - Puck is out of play.
11:20 of 2nd period - Chandler Stephenson wins face-off versus Adam Henrique in Anaheim Ducks zone.
12:32 of 2nd period - Snap shot by Mason Marchment.
12:32 of 2nd period - Shot Misses the Net.
12:34 of 2nd period - Wrist shot by Esa Lindell.
12:34 of 2nd period - Shot Blocked by Marcus Pettersson.
12:52 of 2nd period - Wrist shot by Adam Henrique.
12:52 of 2nd period - Stopped by Linus Ullmark without a rebound.
12:53 of 2nd period - Mark Scheifele wins face-off versus Yegor Sharangovich in Anaheim Ducks zone.
13:06 of 2nd period - Snap shot by Kevin Fiala.
13:06 of 2nd period - Stopped by Linus Ullmark with a rebound.
13:08 of 2nd period - Snap shot by Yegor Sharangovich.
13:08 of 2nd period - Stopped by Linus Ullmark with a rebound.
13:18 of 2nd period - Ryan Johansen is hit by Nazem Kadri and loses puck.
13:56 of 2nd period - Icing by Eeli Tolvanen.
13:57 of 2nd period - Max Domi wins face-off versus Mason Marchment in San Jose Sharks zone.
14:38 of 2nd period - Snap shot by Joshua Morrissey.
14:38 of 2nd period - Shot Misses the Net.
14:40 of 2nd period - Snap shot by Alexey Toropchenko.
14:40 of 2nd period - Shot Blocked by Eeli Tolvanen.
14:42 of 2nd period - Slapshot by Joshua Morrissey.
14:42 of 2nd period - Stopped by Logan Thompson without a rebound.
14:43 of 2nd period - Mark Scheifele wins face-off versus Ryan Johansen in San Jose Sharks zone.
14:50 of 2nd period - Mark Scheifele is hit by Jonathan Drouin and loses puck.
15:06 of 2nd period - Icing by William Nylander.
15:07 of 2nd period - Adam Henrique wins face-off versus Nazem Kadri in Anaheim Ducks zone.
15:20 of 2nd period - Wrist shot by Brayden Schenn.
15:20 of 2nd period - Stopped by Logan Thompson with a rebound.
15:22 of 2nd period - Snap shot by Brayden Schenn.
15:22 of 2nd period - Stopped by Logan Thompson with a rebound.
15:46 of 2nd period - Slapshot by J.T. Compher.
15:46 of 2nd period - Stopped by Logan Thompson with a rebound.
16:00 of 2nd period - Snap shot by Adam Henrique.
16:00 of 2nd period - Deflect By Joshua Morrissey.
16:00 of 2nd period - Stopped by Linus Ullmark with a rebound.
16:18 of 2nd period - Wrist shot by Adam Henrique.
16:18 of 2nd period - Stopped by Linus Ullmark with a rebound.
16:20 of 2nd period - Snap shot by Kevin Fiala.
16:20 of 2nd period - Shot Misses the Net.
16:36 of 2nd period - Wrist shot by Yegor Sharangovich.
16:36 of 2nd period - Stopped by Linus Ullmark without a rebound.
16:37 of 2nd period - Ryan Johansen wins face-off versus Nazem Kadri in Anaheim Ducks zone.
16:40 of 2nd period - Wrist shot by Matthew Knies.
16:40 of 2nd period - Stopped by Linus Ullmark without a rebound.
16:41 of 2nd period - Nazem Kadri wins face-off versus Matthew Knies in Anaheim Ducks zone.
16:45 of 2nd period - Minor Penalty to Jonathan Drouin for Interference.
16:46 of 2nd period - Mark Scheifele wins face-off versus Yegor Sharangovich in San Jose Sharks zone.
18:45 of 2nd period - Penalty to Jonathan Drouin is over, Jonathan Drouin is back on ice.
18:56 of 2nd period - Dmitry Orlov is hit by Morgan Rielly and loses puck.
19:23 of 2nd period - T.J. Oshie is hit by Mason Marchment and loses puck.
19:47 of 2nd period - Adam Henrique is hit by John Tavares and loses puck.
Goals for this period are 1 for San Jose Sharks vs 1 for Anaheim Ducks.
Shots for this period are 15 for San Jose Sharks vs 16 for Anaheim Ducks.
3rd period
0:01 of 3rd period - Mark Scheifele wins face-off versus Ryan Johansen in neutral zone.
0:06 of 3rd period - Marcus Pettersson is hit by William Nylander and loses puck.
0:45 of 3rd period - Marcus Pettersson is hit by Morgan Rielly and loses puck.
0:57 of 3rd period - Wrist shot by Kevin Fiala.
0:57 of 3rd period - Deflect By Morgan Rielly.
0:57 of 3rd period - Shot Misses the Net.
0:57 of 3rd period - Puck is out of play.
0:58 of 3rd period - Ryan Johansen wins face-off versus Mark Scheifele in Anaheim Ducks zone.
1:09 of 3rd period - Slapshot by Joshua Morrissey.
1:09 of 3rd period - Stopped by Logan Thompson without a rebound.
1:10 of 3rd period - Mark Scheifele wins face-off versus Ryan Johansen in San Jose Sharks zone.
2:20 of 3rd period - Kasperi Kapanen is hit by Brenden Dillon and loses puck.
2:50 of 3rd period - Icing by Christopher Tanev.
2:51 of 3rd period - Nazem Kadri wins face-off versus Noel Acciari in San Jose Sharks zone.
3:24 of 3rd period - Snap shot by John Tavares.
3:24 of 3rd period - Shot Misses the Net.
3:26 of 3rd period - Slapshot by Mark Scheifele.
3:26 of 3rd period - Stopped by Logan Thompson with a rebound.
3:28 of 3rd period - Wrist shot by John Tavares.
3:28 of 3rd period - Shot Blocked by Marcus Pettersson.
4:08 of 3rd period - Snap shot by Yegor Sharangovich.
4:08 of 3rd period - Stopped by Linus Ullmark without a rebound.
4:09 of 3rd period - Adam Henrique wins face-off versus Mark Scheifele in Anaheim Ducks zone.
4:40 of 3rd period - Wrist shot by Brayden Schenn.
4:40 of 3rd period - Stopped by Logan Thompson with a rebound.
5:16 of 3rd period - Slapshot by Nazem Kadri.
5:16 of 3rd period - Stopped by Logan Thompson with a rebound.
5:52 of 3rd period - Wrist shot by Brayden Schenn.
5:52 of 3rd period - Shot Misses the Net.
6:00 of 3rd period - Wrist shot by Brayden Schenn.
6:00 of 3rd period - Shot Misses the Net.
6:02 of 3rd period - Wrist shot by Nazem Kadri.
6:02 of 3rd period - Stopped by Logan Thompson with a rebound.
6:04 of 3rd period - Snap shot by Nazem Kadri.
6:04 of 3rd period - Shot Blocked by Alec Martinez.
6:06 of 3rd period - Slapshot by Brenden Dillon.
6:06 of 3rd period - Shot Blocked by Alec Martinez.
6:24 of 3rd period - Snap shot by Brayden Schenn.
6:24 of 3rd period - Deflect By Alex Killorn.
6:24 of 3rd period - Shot Misses the Net.
6:24 of 3rd period - Puck is out of play.
6:25 of 3rd period - Ryan Johansen wins face-off versus William Nylander in San Jose Sharks zone.
6:32 of 3rd period - Snap shot by Jonathan Drouin.
6:32 of 3rd period - Shot Misses the Net.
6:34 of 3rd period - Slapshot by Marcus Pettersson.
6:34 of 3rd period - Deflect By John Tavares.
6:34 of 3rd period - Stopped by Linus Ullmark without a rebound.
6:35 of 3rd period - Mark Scheifele wins face-off versus Ryan Johansen in Anaheim Ducks zone.
6:50 of 3rd period - Slapshot by William Nylander.
6:50 of 3rd period - Goal by William Nylander - San Jose Sharks : 3 - Anaheim Ducks : 2.
6:51 of 3rd period - Ryan Johansen wins face-off versus Mark Scheifele in neutral zone.
6:51 of 3rd period - Ryan Johansen is hit by William Nylander.
7:03 of 3rd period - Snap shot by Morgan Rielly.
7:03 of 3rd period - Stopped by Logan Thompson without a rebound.
7:04 of 3rd period - Ryan Johansen wins face-off versus Mark Scheifele in San Jose Sharks zone.
7:06 of 3rd period - Minor Penalty to Marcus Pettersson for Tripping.
7:07 of 3rd period - Mark Scheifele wins face-off versus Adam Henrique in San Jose Sharks zone.
7:35 of 3rd period - Snap shot by Nazem Kadri.
7:35 of 3rd period - Stopped by Logan Thompson with a rebound.
7:37 of 3rd period - Slapshot by Joshua Morrissey.
7:37 of 3rd period - Stopped by Logan Thompson with a rebound.
7:39 of 3rd period - Slapshot by Morgan Rielly.
7:39 of 3rd period - Shot Blocked by Sean Durzi.
7:41 of 3rd period - Slapshot by Morgan Rielly.
7:41 of 3rd period - Stopped by Logan Thompson without a rebound.
7:42 of 3rd period - Adam Henrique wins face-off versus Nazem Kadri in San Jose Sharks zone.
8:09 of 3rd period - Snap shot by Brayden Schenn.
8:09 of 3rd period - Goal by Brayden Schenn - San Jose Sharks : 3 - Anaheim Ducks : 3.
8:10 of 3rd period - Ryan Johansen wins face-off versus Mark Scheifele in neutral zone.
8:23 of 3rd period - Wrist shot by William Nylander.
8:23 of 3rd period - Deflect By Mark Scheifele.
8:23 of 3rd period - Stopped by Logan Thompson without a rebound.
8:24 of 3rd period - Mark Scheifele wins face-off versus Adam Henrique in San Jose Sharks zone.
8:29 of 3rd period - Slapshot by William Nylander.
8:29 of 3rd period - Stopped by Logan Thompson without a rebound.
8:30 of 3rd period - William Nylander wins face-off versus Adam Henrique in San Jose Sharks zone.
8:44 of 3rd period - Slapshot by Sean Durzi.
8:44 of 3rd period - Shot Blocked by Mark Scheifele.
8:46 of 3rd period - Snap shot by Adam Henrique.
8:46 of 3rd period - Stopped by Linus Ullmark without a rebound.
8:47 of 3rd period - Nazem Kadri wins face-off versus Ryan Johansen in Anaheim Ducks zone.
9:45 of 3rd period - Off-side.
9:46 of 3rd period - Mark Scheifele wins face-off versus Matthew Knies in neutral zone.
9:46 of 3rd period - Mark Scheifele is hit by Matthew Knies.
9:50 of 3rd period - Connor Murphy is hit by Joshua Morrissey and loses puck.
10:37 of 3rd period - Snap shot by Chandler Stephenson.
10:37 of 3rd period - Stopped by Logan Thompson without a rebound.
10:38 of 3rd period - J.T. Compher wins face-off versus Max Domi in San Jose Sharks zone.
10:59 of 3rd period - Minor Penalty to Max Domi for Delaying the game.
11:00 of 3rd period - Mark Scheifele wins face-off versus Adam Henrique in San Jose Sharks zone.
12:59 of 3rd period - Penalty to Max Domi is over, Max Domi is back on ice.
14:23 of 3rd period - Snap shot by Max Domi.
14:23 of 3rd period - Stopped by Linus Ullmark without a rebound.
14:24 of 3rd period - Adam Henrique wins face-off versus William Nylander in Anaheim Ducks zone.
14:37 of 3rd period - Slapshot by Kevin Fiala.
14:37 of 3rd period - Stopped by Linus Ullmark without a rebound.
14:38 of 3rd period - Adam Henrique wins face-off versus Mark Scheifele in Anaheim Ducks zone.
14:49 of 3rd period - Wrist shot by Kevin Fiala.
14:49 of 3rd period - Shot Blocked by William Nylander.
14:51 of 3rd period - Slapshot by Connor Murphy.
14:51 of 3rd period - Stopped by Linus Ullmark without a rebound.
14:52 of 3rd period - William Nylander wins face-off versus Adam Henrique in Anaheim Ducks zone.
14:59 of 3rd period - Snap shot by Mark Scheifele.
14:59 of 3rd period - Stopped by Logan Thompson with a rebound.
15:01 of 3rd period - Snap shot by John Tavares.
15:01 of 3rd period - Stopped by Logan Thompson without a rebound.
15:02 of 3rd period - Mark Scheifele wins face-off versus Yegor Sharangovich in San Jose Sharks zone.
15:09 of 3rd period - Slapshot by Mark Scheifele.
15:09 of 3rd period - Shot Blocked by Yegor Sharangovich.
15:11 of 3rd period - Snap shot by John Tavares.
15:11 of 3rd period - Stopped by Logan Thompson with a rebound.
15:13 of 3rd period - Wrist shot by Esa Lindell.
15:13 of 3rd period - Shot Misses the Net.
15:15 of 3rd period - Snap shot by Mark Scheifele.
15:15 of 3rd period - Stopped by Logan Thompson with a rebound.
15:17 of 3rd period - Wrist shot by Mark Scheifele.
15:17 of 3rd period - Stopped by Logan Thompson with a rebound.
15:31 of 3rd period - Snap shot by Kevin Fiala.
15:31 of 3rd period - Shot Blocked by Joshua Morrissey.
15:33 of 3rd period - Minor Penalty to Mark Scheifele for Holding.
15:34 of 3rd period - Jonathan Drouin wins face-off versus J.T. Compher in Anaheim Ducks zone.
15:35 of 3rd period - Snap shot by Matthew Knies.
15:35 of 3rd period - Stopped by Linus Ullmark without a rebound.
15:36 of 3rd period - J.T. Compher wins face-off versus Jonathan Drouin in Anaheim Ducks zone.
15:49 of 3rd period - Slapshot by Jonathan Drouin.
15:49 of 3rd period - Shot Blocked by Ivan Provorov.
15:51 of 3rd period - Snap shot by Matthew Knies.
15:51 of 3rd period - Stopped by Linus Ullmark without a rebound.
15:52 of 3rd period - J.T. Compher wins face-off versus Adam Henrique in Anaheim Ducks zone.
16:23 of 3rd period - Wrist shot by Jonathan Drouin.
16:23 of 3rd period - Stopped by Linus Ullmark without a rebound.
16:24 of 3rd period - Jonathan Drouin wins face-off versus Chandler Stephenson in Anaheim Ducks zone.
16:29 of 3rd period - Wrist shot by T.J. Oshie.
16:29 of 3rd period - Stopped by Linus Ullmark without a rebound.
16:30 of 3rd period - J.T. Compher wins face-off versus Jonathan Drouin in Anaheim Ducks zone.
17:00 of 3rd period - Icing by Connor Murphy.
17:01 of 3rd period - Adam Henrique wins face-off versus Chandler Stephenson in San Jose Sharks zone.
17:01 of 3rd period - Adam Henrique is hit by Alex Killorn.
17:20 of 3rd period - Icing by Yegor Sharangovich.
17:21 of 3rd period - Adam Henrique wins face-off versus J.T. Compher in San Jose Sharks zone.
17:33 of 3rd period - Penalty to Mark Scheifele is over, Mark Scheifele is back on ice.
17:53 of 3rd period - Slapshot by Sean Durzi.
17:53 of 3rd period - Stopped by Linus Ullmark without a rebound.
17:54 of 3rd period - Mark Scheifele wins face-off versus Max Domi in Anaheim Ducks zone.
17:54 of 3rd period - Mark Scheifele is hit by Marcus Pettersson.
18:03 of 3rd period - Minor Penalty to Max Domi for Roughing.
18:04 of 3rd period - Mark Scheifele wins face-off versus Adam Henrique in San Jose Sharks zone.
19:58 of 3rd period - Christopher Tanev is hit by Nazem Kadri and loses puck.
Goals for this period are 0 for San Jose Sharks vs 2 for Anaheim Ducks.
Shots for this period are 11 for San Jose Sharks vs 19 for Anaheim Ducks.
Overtime #1
0:01 of 1st overtime period - Adam Henrique wins face-off versus Mark Scheifele in neutral zone.
0:03 of 1st overtime period - Penalty to Max Domi is over, Max Domi is back on ice.
0:12 of 1st overtime period - Wrist shot by Mark Scheifele.
0:12 of 1st overtime period - Shot Blocked by Jonathan Drouin.
0:40 of 1st overtime period - Wrist shot by Adam Henrique.
0:40 of 1st overtime period - Stopped by Linus Ullmark with a rebound.
0:52 of 1st overtime period - Ivan Provorov is hit by Jonathan Drouin and loses puck.
1:33 of 1st overtime period - Kevin Fiala is hit by Joshua Morrissey and loses puck.
2:03 of 1st overtime period - Morgan Rielly is hit by Sean Durzi and loses puck.
2:27 of 1st overtime period - John Tavares is hit by Ryan Johansen and loses puck.
3:07 of 1st overtime period - Slapshot by Sean Durzi.
3:07 of 1st overtime period - Stopped by Linus Ullmark with a rebound.
3:09 of 1st overtime period - Snap shot by Matthew Knies.
3:09 of 1st overtime period - Shot Misses the Net.
3:11 of 1st overtime period - Backhand shot by Sean Durzi.
3:11 of 1st overtime period - Stopped by Linus Ullmark with a rebound.
3:13 of 1st overtime period - Slapshot by Connor Murphy.
3:13 of 1st overtime period - Deflect By Matthew Knies.
3:13 of 1st overtime period - Shot Misses the Net.
3:13 of 1st overtime period - Puck is out of play.
3:14 of 1st overtime period - Mark Scheifele wins face-off versus Jonathan Drouin in Anaheim Ducks zone.
3:14 of 1st overtime period - Mark Scheifele is hit by Yegor Sharangovich.
3:49 of 1st overtime period - Morgan Rielly is hit by Kevin Fiala and loses puck.
Goals for this period are 0 for San Jose Sharks vs 0 for Anaheim Ducks.
Shots for this period are 3 for San Jose Sharks vs 0 for Anaheim Ducks.
ShootOut
5:00 of 1st overtime period - Round #1.
5:00 of 1st overtime period - San Jose Sharks, Adam Henrique.
5:00 of 1st overtime period - Deke by Adam Henrique.
5:00 of 1st overtime period - Goal by Adam Henrique.
5:00 of 1st overtime period - Anaheim Ducks, Alexandre Texier.
5:00 of 1st overtime period - Snap shot by Alexandre Texier.
5:00 of 1st overtime period - Stopped by Logan Thompson.
5:00 of 1st overtime period - Round #2.
5:00 of 1st overtime period - San Jose Sharks, Kevin Fiala.
5:00 of 1st overtime period - Deke by Kevin Fiala.
5:00 of 1st overtime period - Stopped by Linus Ullmark.
5:00 of 1st overtime period - Anaheim Ducks, Brenden Dillon.
5:00 of 1st overtime period - Backhand shot by Brenden Dillon.
5:00 of 1st overtime period - Stopped by Logan Thompson.
5:00 of 1st overtime period - Round #3.
5:00 of 1st overtime period - San Jose Sharks, Yegor Sharangovich.
5:00 of 1st overtime period - Deke by Yegor Sharangovich.
5:00 of 1st overtime period - Stopped by Linus Ullmark.
5:00 of 1st overtime period - Anaheim Ducks, Mark Scheifele.
5:00 of 1st overtime period - Deke by Mark Scheifele.
5:00 of 1st overtime period - Goal by Mark Scheifele.
5:00 of 1st overtime period - Round #4.
5:00 of 1st overtime period - San Jose Sharks, Jonathan Drouin.
5:00 of 1st overtime period - Wrist shot by Jonathan Drouin.
5:00 of 1st overtime period - Stopped by Linus Ullmark.
5:00 of 1st overtime period - Anaheim Ducks, John Tavares.
5:00 of 1st overtime period - Wrist shot by John Tavares.
5:00 of 1st overtime period - Shot Misses the Net.
5:00 of 1st overtime period - Round #5.
5:00 of 1st overtime period - San Jose Sharks, T.J. Oshie.
5:00 of 1st overtime period - Wrist shot by T.J. Oshie.
5:00 of 1st overtime period - Stopped by Linus Ullmark.
5:00 of 1st overtime period - Anaheim Ducks, Brayden Schenn.
5:00 of 1st overtime period - Snap shot by Brayden Schenn.
5:00 of 1st overtime period - Stopped by Logan Thompson.
5:00 of 1st overtime period - Round #6.
5:00 of 1st overtime period - San Jose Sharks, Calle Jarnkrok.
5:00 of 1st overtime period - Wrist shot by Calle Jarnkrok.
5:00 of 1st overtime period - Stopped by Linus Ullmark.
5:00 of 1st overtime period - Anaheim Ducks, Alex Killorn.
5:00 of 1st overtime period - Wrist shot by Alex Killorn.
5:00 of 1st overtime period - Stopped by Logan Thompson.
5:00 of 1st overtime period - Round #7.
5:00 of 1st overtime period - San Jose Sharks, Ryan Johansen.
5:00 of 1st overtime period - Wrist shot by Ryan Johansen.
5:00 of 1st overtime period - Stopped by Linus Ullmark.
5:00 of 1st overtime period - Anaheim Ducks, Nazem Kadri.
5:00 of 1st overtime period - Wrist shot by Nazem Kadri.
5:00 of 1st overtime period - Shot Hit the Post.
5:00 of 1st overtime period - Round #8.
5:00 of 1st overtime period - San Jose Sharks, Max Domi.
5:00 of 1st overtime period - Backhand shot by Max Domi.
5:00 of 1st overtime period - Goal by Max Domi.
5:00 of 1st overtime period - Anaheim Ducks, William Nylander.
5:00 of 1st overtime period - Snap shot by William Nylander.
5:00 of 1st overtime period - Goal by William Nylander.
5:00 of 1st overtime period - Round #9.
5:00 of 1st overtime period - San Jose Sharks, Alec Martinez.
5:00 of 1st overtime period - Snap shot by Alec Martinez.
5:00 of 1st overtime period - Stopped by Linus Ullmark.
5:00 of 1st overtime period - Anaheim Ducks, Chandler Stephenson.
5:00 of 1st overtime period - Wrist shot by Chandler Stephenson.
5:00 of 1st overtime period - Shot Misses the Net.
5:00 of 1st overtime period - Round #10.
5:00 of 1st overtime period - San Jose Sharks, Connor Murphy.
5:00 of 1st overtime period - Deke by Connor Murphy.
5:00 of 1st overtime period - Stopped by Linus Ullmark.
5:00 of 1st overtime period - Anaheim Ducks, Mason Marchment.
5:00 of 1st overtime period - Backhand shot by Mason Marchment.
5:00 of 1st overtime period - Shot Misses the Net.
5:00 of 1st overtime period - Round #11.
5:00 of 1st overtime period - San Jose Sharks, Eeli Tolvanen.
5:00 of 1st overtime period - Snap shot by Eeli Tolvanen.
5:00 of 1st overtime period - Stopped by Linus Ullmark.
5:00 of 1st overtime period - Anaheim Ducks, Kevin Bahl.
5:00 of 1st overtime period - Wrist shot by Kevin Bahl.
5:00 of 1st overtime period - Goal by Kevin Bahl.
Back to the Top